 Dungeon Crawl Stone Soup version 0.27-a0-1140-g099f9bb0e8 (webtiles) character file.

Game seed: 16674843111072100401

9 freelancePsychic the Sneak (level 2, -6/19 HPs)
             Began as a Kobold Delver on May 10, 2021.
             Mangled by an orc
             ... wielding a +0 war axe
              (10 damage)
             ... on level 4 of the Dungeon.
             The game lasted 00:01:37 (113 turns).

freelancePsychic the Sneak (Kobold Delver)           Turns: 113, Time: 00:01:37

Health: -6/19      AC:  3    Str:  9    XL:     2   Next: 25%
Magic:  2/2        EV: 14    Int: 11    God:
Gold:   0          SH:  0    Dex: 16    Spells: 1/1 levels left

rFire    . . .     SeeInvis .   a - +0 short sword
rCold    . . .     Faith    .   (shield restricted)
rNeg     . . .     Spirit   .   b - +0 leather armour
rPois    .         Reflect  .   (no helmet)
rElec    .         Harm     .   (no cloak)
rCorr    .         Rampage  .   (no gloves)
Will     .....                  (no boots)
Stlth    ++++......             (no amulet)
HPRegen  0.06/turn              (no ring)
MPRegen  0.08/turn              (no ring)

@: hasted, very quick
A: small, no large weapons, nightstalker 3
a: no special abilities


You were on level 4 of the Dungeon.
You visited 1 branch of the dungeon, and saw 3 of its levels.

Inventory:

Hand Weapons
 a - a +0 short sword (weapon)
Armour
 b - a +0 leather armour (worn)
Wands
 g - a wand of digging (3)
Scrolls
 c - a scroll of fog
 e - a scroll of fear
 i - a scroll of holy word {unknown}
 j - a scroll of teleportation {unknown}
Potions
 d - 2 potions of curing {unknown}
 h - a potion of heal wounds {unknown}


   Skills:
 - Level 3.2 Fighting
 + Level 2.9 Short Blades
 - Level 2.4 Dodging
 - Level 6.6 Stealth
 * Level 1.0 Transmutations
 * Level 1.0 Earth Magic


You had one spell level left.
You didn't know any spells.
Your spell library contained the following spells:

 Spells                   Type           Power      Damage    Failure   Level
 Confusing Touch          Hex            0%         N/A       83%         3
 Gell's Gravitas          Tloc           0%         N/A       83%         3
 Petrify                  Tmut/Erth      2%         N/A       97%         4
 Metabolic Englaciation   Hex/Ice        0%         N/A       100%        5
 Yara's Violent Unravell  Hex/Tmut       0%         3d3       100%        5


Dungeon Overview and Level Annotations

Branches:
Dungeon (5/15)
 Temple: D:4-7

Altars:

Annotations:
D:3 Natasha


Innate Abilities, Weirdness & Mutations

You are small and have problems with some larger weapons.
You are completely attuned to the shadows.


Message History

d - 2 fizzy dark potions (gained 1)
Found a scroll labelled RELOTE JEOC.
Found a ring mail.
There is a stone staircase leading up here.
j - a scroll labelled RELOTE JEOC
There is a stone staircase leading up here.
You climb upwards.
A rat comes into view.
There is a stone staircase leading down here.
You closely miss the rat. The rat bites you.
You closely miss the rat. You hit the rat.
The rat is heavily wounded.
The rat barely misses you.
You hit the rat.
You kill the rat!
Your Earth Magic skill increases to level 1!
There is a stone staircase leading down here.
Okay, then.
HP restored.
A gnoll comes into view. It is wielding a +0 club.
The gnoll moves out of view.
An orc comes into view. It is wielding a +0 war axe.
The orc shouts!
You hear an angry hiss.
The orc hits you with a +0 war axe!
You barely miss the orc. The orc barely misses you.
You hit the orc.
The orc is heavily wounded.
The orc barely misses you.
Natasha, Servant of Life and Death comes into view.
Natasha mumbles some strange words.
Natasha shimmers violently.
There is a stone staircase leading down here.
The orc hits you with a +0 war axe!
* * * LOW HITPOINT WARNING * * *
You climb downwards.
There is a stone staircase leading up here.
You feel yourself speed up. The orc hits you with a +0 war axe!
Ouch! That really hurt!
You die...

..... #......).. .....
#....#####
#..#########'####..
#..##....##........
#..'.....#.........
#..#.....#..........
##.##+##.####..###..
###o##.##.####..###..
.....@...#............
.........#............
.........#............
.........#............
.......[#............
#.######..... ###
######


You could see an orc.

Vanquished Creatures
  An adder (D:4)
  A rat (D:3)
2 creatures vanquished.

Notes
Turn   | Place    | Note
-------+----------+-------------------------------------------
     0 | D:5      | freelancePsychic the Kobold Delver began the quest for the
                  | Orb.
     0 | D:5      | Reached XP level 1. HP: 14/14 MP: 1/1
    39 | D:4      | Reached skill level 1 in Transmutations
    39 | D:4      | Reached XP level 2. HP: 19/19 MP: 2/2
    85 | D:3      | Reached skill level 1 in Earth Magic
   106 | D:3      | Noticed Natasha
   113 | D:4      | Mangled by an orc

Illustrated notes

Levels and vault maps discovered:
D:3:      layout_rooms, grunt_qazlal_clouds,
          shapermc_ecumenical_altar_mp_urbaneastern, nrook_mini_vaults,
          uniq_natasha
D:4:      layout_gridville
D:5:      layout_loops_ring, uniq_prince_ribbit1, uniq_ijyb

Skill      XL: |  1  2 |
---------------+-------+-----
Transmutations | 1 |  1.0
Earth Magic    | 1 |  1.0
Fighting       | |  3.2
Short Blades   | |  2.9
Dodging        | |  2.4
Stealth        | |  6.6

Action                   || total
-------------------------++-------
Melee: Short sword       ||     7
  Use: Scroll            ||     1
       Potion            ||     1
 Stab: Sleeping          ||     1
Dodge: Dodged            ||     3

Table legend: (Time is in decaauts)
 A = Elapsed time spent in this place.
 B = Non-inter-level travel time spent in this place.
 C = Inter-level travel time spent in this place.
 D = Time resting spent in this place.
 E = Time spent auto-exploring this place.
 F = Levels seen in this place.
 G = Mean time per level.
                   A        B        C        D        E       F      G
               +--------+--------+--------+--------+--------+-----+--------+
         Total |    112 |    112 |      0 |      0 |     18 |   3 |   37.3 |
       Dungeon |    112 |    112 |      0 |      0 |     18 |   3 |   37.3 |
               +--------+--------+--------+--------+--------+-----+--------+

Top non-repeatable levels by time:
     D:4: 66 daAuts
     D:3: 31 daAuts
     D:5: 15 daAuts
